TOP OF THE 1ST |
Jackson Generals batting - Pitching for Montgomery Biscuits : RHP Jaylin Green
|
Pitching: RHP Jaylin Green
|
|
Batting: RHB Tomokazu Sugimoto
|
0-0: Foul Ball, location: 2F 0-1: Swinging Strike 0-2: Ball 1-2: Ball 2-2: Ground out 5-3 (Groundball, 56, EV 105.0 MPH)
|
Batting: RHB Ryan Criollo
|
0-0: Ground out 4-3 (Groundball, 4, EV 88.8 MPH)
|
Batting: RHB Julian Gregory
|
0-0: Fly out, F8 (Flyball, 8RM, EV 92.5 MPH)
|
Top of the 1st over - 0 runs, 0 hits, 0 errors, 0 left on base; Jackson 0 - Montgomery 0 |
BOTTOM OF THE 1ST |
Montgomery Biscuits batting - Pitching for Jackson Generals : RHP Jose Lomas
|
Pitching: RHP Jose Lomas
|
|
Batting: LHB Darryl Gonnella
|
0-0: Ball 1-0: Called Strike 1-1: Ball 2-1: Ball 3-1: Foul Ball, location: 2F 3-2: Base on Balls
|
Batting: SHB Joey Pacheco
|
0-0: Fielders Choice at 2nd, 3-6 (Groundball, 3, EV 85.6 MPH)
|
Batting: LHB Eric Toney
|
0-0: Called Strike 0-1: Foul Ball, location: 2F 0-2: Ball Joey Pacheco steals 2nd base (no throw) 1-2: Ball 2-2: Foul Ball, location: 2F 2-2: Foul Ball, location: 2F 2-2: Ground out 6-3 (Groundball, 6, EV 105.6 MPH)
|
Batting: RHB James Huddleston
|
0-0: Ground out 6-3 (Groundball, 56, EV 101.9 MPH)
|
Bottom of the 1st over - 0 runs, 0 hits, 0 errors, 1 left on base; Jackson 0 - Montgomery 0 |
TOP OF THE 2ND |
Jackson Generals batting - Pitching for Montgomery Biscuits : RHP Jaylin Green
|
Batting: RHB Adan Lake
|
0-0: Called Strike 0-1: Ground out 6-3 (Groundball, 6, EV 90.0 MPH)
|
Batting: RHB Hideo Okimura
|
0-0: Ball 1-0: Ball 2-0: Ground out 2-3 (Groundball, 2L, EV 66.2 MPH)
|
Batting: SHB Brendan Bundy
|
0-0: Called Strike 0-1: Swinging Strike 0-2: Foul Ball, location: 2F 0-2: Ball 1-2: Ball 2-2: Foul Ball, location: 2F 2-2: Ground out 4-3 (Groundball, 4, EV 98.1 MPH)
|
Top of the 2nd over - 0 runs, 0 hits, 0 errors, 0 left on base; Jackson 0 - Montgomery 0 |
BOTTOM OF THE 2ND |
Montgomery Biscuits batting - Pitching for Jackson Generals : RHP Jose Lomas
|
Batting: RHB Nelle Lommen
|
0-0: Ball 1-0: Called Strike 1-1: Ball 2-1: Foul Ball, location: 2F 2-2: SINGLE (Groundball, 56D, EV 103.8 MPH)
|
Batting: RHB Roberto Aispuro
|
0-0: Ball Nelle Lommen is caught stealing 2nd base 2-4 1-0: Ground out 4-3 (Groundball, 4, EV 87.5 MPH)
|
Batting: RHB Dave Galloway
|
0-0: Ball 1-0: TRIPLE (Flyball, 78XD, EV 96.2 MPH)
|
Batting: LHB Angel Ruvalcaba
|
0-0: Ball 1-0: Swinging Strike 1-1: Fly out, F8 (Flyball, 8LM, EV 83.1 MPH)
|
Bottom of the 2nd over - 0 runs, 2 hits, 0 errors, 1 left on base; Jackson 0 - Montgomery 0 |
TOP OF THE 3RD |
Jackson Generals batting - Pitching for Montgomery Biscuits : RHP Jaylin Green
|
Batting: LHB Brent Dutcher
|
0-0: Foul Ball, location: 2F 0-1: Swinging Strike 0-2: Ball 1-2: Strikes out swinging
|
Batting: RHB Justin Colella
|
0-0: Fly out, F8 (Flyball, 8RD, EV 100.6 MPH)
|
Batting: RHB Egidius Kruger
|
0-0: Called Strike 0-1: Ground out 6-3 (Groundball, 6, EV 103.8 MPH)
|
Top of the 3rd over - 0 runs, 0 hits, 0 errors, 0 left on base; Jackson 0 - Montgomery 0 |
BOTTOM OF THE 3RD |
Montgomery Biscuits batting - Pitching for Jackson Generals : RHP Jose Lomas
|
Batting: RHB Khalil Walker
|
0-0: Foul Ball, location: 2F 0-1: Swinging Strike 0-2: Fly out, F8 (Flyball, 8LD, EV 94.4 MPH)
|
Batting: LHB Darryl Gonnella
|
0-0: Ground out 6-3 (Groundball, 6, EV 108.8 MPH)
|
Batting: SHB Joey Pacheco
|
0-0: Ball 1-0: Fly out, F9 (Line Drive, 9S, EV 85.6 MPH)
|
Bottom of the 3rd over - 0 runs, 0 hits, 0 errors, 0 left on base; Jackson 0 - Montgomery 0 |
TOP OF THE 4TH |
Jackson Generals batting - Pitching for Montgomery Biscuits : RHP Jaylin Green
|
Batting: RHB Tomokazu Sugimoto
|
0-0: Called Strike 0-1: Swinging Strike 0-2: Ball 1-2: Ball 2-2: Fly out, F8 (Flyball, 8LM, EV 85.6 MPH)
|
Batting: RHB Ryan Criollo
|
0-0: Called Strike 0-1: Ball 1-1: Ball 2-1: DOUBLE (Groundball, 3L, EV 99.4 MPH)
|
Batting: RHB Julian Gregory
|
0-0: Called Strike 0-1: Reached on error, E6 (Groundball, 6S, EV 70.6 MPH) Ryan Criollo to third
|
Batting: RHB Adan Lake
|
0-0: Called Strike 0-1: Foul Ball, location: 2F 0-2: Ball 1-2: Strikes out looking Julian Gregory steals 2nd base Batter strikes out.
|
Batting: RHB Hideo Okimura
|
0-0: Ball 1-0: Swinging Strike 1-1: DOUBLE (Groundball, 3L, EV 103.1 MPH) Ryan Criollo scores Julian Gregory scores
|
Batting: SHB Brendan Bundy
|
0-0: Ball 1-0: Swinging Strike 1-1: Called Strike 1-2: Strikes out swinging
|
Top of the 4th over - 2 runs, 2 hits, 1 error, 1 left on base; Jackson 2 - Montgomery 0 |
BOTTOM OF THE 4TH |
Montgomery Biscuits batting - Pitching for Jackson Generals : RHP Jose Lomas
|
Batting: LHB Eric Toney
|
0-0: Ground out 5-3 (Groundball, 5, EV 81.2 MPH)
|
Batting: RHB James Huddleston
|
0-0: Ball 1-0: Foul Ball, location: 2F 1-1: Ball 2-1: Ball 3-1: Foul Ball, location: 2F 3-2: Ground out 5-3 (Groundball, 5, EV 91.2 MPH)
|
Batting: RHB Nelle Lommen
|
0-0: Ball 1-0: Ball 2-0: Swinging Strike 2-1: Foul Ball, location: 2F 2-2: Foul Ball, location: 2F 2-2: Ball 3-2: Foul Ball, location: 2F 3-2: SINGLE (Flyball, 8LS, EV 85.6 MPH)
|
Batting: RHB Roberto Aispuro
|
0-0: Ball 1-0: Fly out, F8 (Flyball, 89D, EV 104.4 MPH)
|
Bottom of the 4th over - 0 runs, 1 hit, 0 errors, 1 left on base; Jackson 2 - Montgomery 0 |
TOP OF THE 5TH |
Jackson Generals batting - Pitching for Montgomery Biscuits : RHP Jaylin Green
|
Batting: LHB Brent Dutcher
|
0-0: Foul Ball, location: 2F 0-1: Foul Ball, location: 2F 0-2: SINGLE (Groundball, 25, EV 64.4 MPH) (infield hit)
|
Batting: RHB Justin Colella
|
0-0: Called Strike 0-1: Called Strike 0-2: Strikes out swinging
|
Batting: RHB Egidius Kruger
|
0-0: Ball Brent Dutcher steals 2nd base 1-0: Ground out 4-3 (Groundball, 4M, EV 100.0 MPH) Brent Dutcher to third
|
Batting: RHB Tomokazu Sugimoto
|
0-0: Ball 1-0: Called Strike 1-1: Foul Ball, location: 2F 1-2: Ball 2-2: Foul Ball, location: 2F 2-2: Foul Ball, location: 2F 2-2: Ball 3-2: Ground out 4-3 (Groundball, 34, EV 85.6 MPH)
|
Top of the 5th over - 0 runs, 1 hit, 0 errors, 1 left on base; Jackson 2 - Montgomery 0 |
BOTTOM OF THE 5TH |
Montgomery Biscuits batting - Pitching for Jackson Generals : RHP Jose Lomas
|
Batting: RHB Dave Galloway
|
0-0: Called Strike 0-1: Fly out, F8 (Flyball, 78M, EV 74.4 MPH)
|
Batting: LHB Angel Ruvalcaba
|
0-0: Ball 1-0: Ball 2-0: Foul Ball, location: 2F 2-1: Called Strike 2-2: Ball 3-2: Base on Balls
|
Batting: RHB Khalil Walker
|
0-0: Called Strike Angel Ruvalcaba steals 2nd base 0-1: Swinging Strike 0-2: Ball 1-2: Strikes out swinging
|
Batting: LHB Darryl Gonnella
|
0-0: Ground out 4-3 (Groundball, 4, EV 84.4 MPH)
|
Bottom of the 5th over - 0 runs, 0 hits, 0 errors, 1 left on base; Jackson 2 - Montgomery 0 |
TOP OF THE 6TH |
Jackson Generals batting - Pitching for Montgomery Biscuits : RHP Jaylin Green
|
Batting: RHB Ryan Criollo
|
0-0: Ball 1-0: DOUBLE (Flyball, 78D, EV 98.1 MPH)
|
Batting: RHB Julian Gregory
|
0-0: Ball 1-0: Called Strike 1-1: Ball Passed Ball! Ryan Criollo to third 2-1: Swinging Strike 2-2: Strikes out swinging
|
Batting: RHB Adan Lake
|
0-0: Ball 1-0: Called Strike 1-1: Swinging Strike 1-2: Ground out 5-3 (Groundball, 56S, EV 83.8 MPH) Ryan Criollo scores
|
Batting: RHB Hideo Okimura
|
0-0: Called Strike 0-1: Ball 1-1: Ball 2-1: Ball 3-1: DOUBLE (Flyball, 78D, EV 88.1 MPH)
|
Batting: SHB Brendan Bundy
|
0-0: Called Strike 0-1: Called Strike 0-2: Ground out 5-3 (Groundball, 6, EV 101.9 MPH)
|
Top of the 6th over - 1 run, 2 hits, 0 errors, 1 left on base; Jackson 3 - Montgomery 0 |
BOTTOM OF THE 6TH |
Montgomery Biscuits batting - Pitching for Jackson Generals : RHP Jose Lomas
|
Batting: SHB Joey Pacheco
|
0-0: Ball 1-0: Called Strike 1-1: Foul Ball, location: 2F 1-2: Ground out 5-3 (Groundball, 5S, EV 68.1 MPH)
|
Batting: LHB Eric Toney
|
0-0: Ball 1-0: Ball 2-0: Ball 3-0: Base on Balls
|
Batting: RHB James Huddleston
|
0-0: Called Strike 0-1: Called Strike 0-2: Fly out, F8 (Flyball, 8LXD, EV 98.8 MPH)
|
Batting: RHB Nelle Lommen
|
0-0: Swinging Strike 0-1: Ball 1-1: Foul Ball, location: 2F 1-2: Foul Ball, location: 2F 1-2: Ball 2-2: Foul Ball, location: 2F 2-2: Fielders Choice at 2nd, 6-4 (Groundball, 56, EV 105.6 MPH)
|
Bottom of the 6th over - 0 runs, 0 hits, 0 errors, 1 left on base; Jackson 3 - Montgomery 0 |
TOP OF THE 7TH |
Jackson Generals batting - Pitching for Montgomery Biscuits : RHP Jaylin Green
|
Batting: LHB Brent Dutcher
|
0-0: Ball 1-0: Ball 2-0: Called Strike 2-1: Foul Ball, location: 2F 2-2: Ball 3-2: Foul Ball, location: 2F 3-2: Foul Ball, location: 2F 3-2: Foul Ball, location: 2F 3-2: Strikes out swinging
|
Batting: RHB Justin Colella
|
0-0: Ball 1-0: Foul Ball, location: 2F 1-1: Foul Ball, location: 2F 1-2: Foul Ball, location: 2F 1-2: Strikes out swinging
|
Batting: RHB Egidius Kruger
|
0-0: Ball 1-0: Called Strike 1-1: Ball 2-1: Ground out 6-3 (Groundball, 6, EV 103.8 MPH)
|
Top of the 7th over - 0 runs, 0 hits, 0 errors, 0 left on base; Jackson 3 - Montgomery 0 |
BOTTOM OF THE 7TH |
Montgomery Biscuits batting - Pitching for Jackson Generals : RHP Jose Lomas
|
Batting: RHB Roberto Aispuro
|
0-0: Called Strike 0-1: Swinging Strike 0-2: Fly out, F7 (Flyball, 7LM, EV 95.6 MPH)
|
Batting: RHB Dave Galloway
|
0-0: Called Strike 0-1: Fly out, F7 (Line Drive, 78S, EV 97.5 MPH)
|
Batting: LHB Angel Ruvalcaba
|
0-0: Ball 1-0: Ground out U3 (Groundball, 3S, EV 65.6 MPH)
|
Bottom of the 7th over - 0 runs, 0 hits, 0 errors, 0 left on base; Jackson 3 - Montgomery 0 |
TOP OF THE 8TH |
Jackson Generals batting - Pitching for Montgomery Biscuits : RHP Jaylin Green
|
Batting: RHB Tomokazu Sugimoto
|
0-0: Ball 1-0: Ball 2-0: Ball 3-0: Called Strike 3-1: Foul Ball, location: 2F 3-2: Ground out U3 (Groundball, 3L, EV 84.4 MPH)
|
Pitching: RHP Jaime Astacio
|
|
Batting: RHB Ryan Criollo
|
0-0: Foul Ball, location: 2F 0-1: Foul Ball, location: 2F 0-2: Ball 1-2: Ball 2-2: Fly out, F2 (Popup, 2RF, EV 90.6 MPH)
|
Batting: RHB Julian Gregory
|
0-0: Called Strike 0-1: Called Strike 0-2: Strikes out swinging
|
Top of the 8th over - 0 runs, 0 hits, 0 errors, 0 left on base; Jackson 3 - Montgomery 0 |
BOTTOM OF THE 8TH |
Montgomery Biscuits batting - Pitching for Jackson Generals : RHP Jose Lomas
|
Pitching: RHP Bill Porter
|
|
Batting: RHB Khalil Walker
|
0-0: Ball 1-0: Ball 2-0: Ground out 5-3 (Groundball, 56, EV 83.8 MPH)
|
Batting: LHB Darryl Gonnella
|
0-0: SINGLE (Line Drive, 6MD, EV 106.2 MPH)
|
Batting: SHB Joey Pacheco
|
0-0: 2-RUN HOME RUN (Flyball, 89XD, EV 101.2 MPH), Distance : 402 ft
|
Pitching: LHP Chan-u Lee
|
|
Batting: LHB Eric Toney
|
0-0: Foul Ball, location: 2F 0-1: Foul Ball, location: 2F 0-2: Ball 1-2: Foul Ball, location: 2F 1-2: Strikes out looking
|
Batting: RHB James Huddleston
|
0-0: Ball 1-0: Ball 2-0: Ball 3-0: Called Strike 3-1: DOUBLE (Line Drive, 78XD, EV 109.4 MPH)
|
Batting: RHB Nelle Lommen
|
0-0: Ball 1-0: Swinging Strike 1-1: Foul Ball, location: 2F 1-2: Strikes out swinging
|
Bottom of the 8th over - 2 runs, 3 hits, 0 errors, 1 left on base; Jackson 3 - Montgomery 2 |
TOP OF THE 9TH |
Jackson Generals batting - Pitching for Montgomery Biscuits : RHP Jaime Astacio
|
Batting: RHB Adan Lake
|
0-0: Ball 1-0: Ball 2-0: Ground out 6-3 (Groundball, 56, EV 83.1 MPH)
|
Batting: RHB Hideo Okimura
|
0-0: Ball 1-0: Ground out 4-3 (Groundball, 4M, EV 100.6 MPH)
|
Batting: SHB Brendan Bundy
|
0-0: Ball 1-0: Fly out, F7 (Flyball, 7S, EV 87.5 MPH)
|
Top of the 9th over - 0 runs, 0 hits, 0 errors, 0 left on base; Jackson 3 - Montgomery 2 |
BOTTOM OF THE 9TH |
Montgomery Biscuits batting - Pitching for Jackson Generals : LHP Chan-u Lee
|
Pitching: LHP Ben Burton
|
|
Now at 1B: Mario Cardona
|
|
Batting: RHB Roberto Aispuro
|
0-0: Ball 1-0: DOUBLE (Flyball, 8LD, EV 101.9 MPH)
|
Batting: RHB Dave Galloway
|
0-0: Called Strike 0-1: Ball 1-1: Foul Ball, location: 2F 1-2: Strikes out looking
|
Pinch Hitting: RHB Dermott Kennelly
|
0-0: Ball 1-0: Called Strike 1-1: Called Strike 1-2: Ground out 5-3 (Groundball, 25, EV 87.5 MPH)
|
Batting: RHB Khalil Walker
|
0-0: Foul Ball, location: 2F 0-1: Ball 1-1: Ball 2-1: Foul Ball, location: 2F 2-2: Foul Ball, location: 2F 2-2: Strikes out swinging
|
Bottom of the 9th over - 0 runs, 1 hit, 0 errors, 1 left on base; Jackson 3 - Montgomery 2 |
|